 Dungeon Crawl Stone Soup version 0.18-a0-1539-g1c7284a (webtiles) character file.

42 GrosslyIncandescent the Insei (level 3, -2/29 HPs)
             Began as a Mummy Monk on Mar 9, 2016.
             Slain by Terence
             ... wielding a +0 morningstar
              (3 damage)
             ... on level 1 of the Dungeon.
             The game lasted 00:01:31 (1720 turns).

GrosslyIncandescent the Insei (Mummy Monk)          Turns: 1720, Time: 00:01:31

Health: -2/29      AC:  0    Str: 14    XL:     3   Next: 33%
Magic:  3/3        EV: 13    Int:  9    God:
Gold:   75         SH:  0    Dex: 15    Spells: 0 memorised, 2 levels left

rFire  x . .     SeeInvis .       - Unarmed
rCold  + . .     Gourm    .     (no armour)
rNeg   + + +     Faith    .     (no shield)
rPois  ∞         Spirit   .     (no helmet)
rElec  .         Dismiss  .     (no cloak)
rCorr  .         Reflect  .     (no gloves)
SustAt .         Harm     .     (no boots)
MR     .....                    (no amulet)
Stlth  ++........               (no ring)
                                (no ring)

@: not resistant to hostile enchantments, unstealthy
A: no food or potions, fire vulnerability, cold resistance 1, negative energy
resistance 3, torment resistance, unbreathing
a: no special abilities


You were on level 1 of the Dungeon.
You were not hungry.

You visited 1 branch of the dungeon, and saw 2 of its levels.

You collected 75 gold pieces.


Innate Abilities, Weirdness & Mutations

You do not eat or drink.
Your flesh is vulnerable to fire.
You are immune to poison.
Your flesh is cold resistant.
You are immune to negative energy.
You are immune to unholy pain and torment.
You can survive without breathing.


   Skills:
 - Level 3.0 Fighting
 - Level 2.4 Dodging
 - Level 1.5 Stealth
 + Level 4.2 Unarmed Combat


You had 2 spell levels left.
You didn't know any spells.

Inventory:

Scrolls
 a - 2 scrolls of teleportation {unknown}
 b - a scroll of remove curse {unknown}
 c - a scroll of blinking {unknown}
 d - 4 scrolls of random uselessness {unknown}
 e - a scroll of recharging {unknown}
 f - a scroll of identify {unknown}
 g - a scroll of fog {unknown}
 h - a scroll of amnesia {unknown}

Dungeon Overview and Level Annotations

Branches:
Dungeon (2/15)

Altars:
Pakellas

Annotations:
D:1 Terence

▒.▒▒.▒ ▒..▒.▒ ▒▒.▒.▒ ▒...▒
▒▒.r▒ ▒..▒ ▒..▒
▒..▒▒▒▒▒▒▒▒▒▒▒▒▒▒▒▒▒▒▒▒▒▒▒
▒▒>....r@M................
▒▒▒▒▒▒▒▒▒▒▒▒▒▒▒▒▒▒▒▒▒▒▒▒▒


You could see Terence and a rat.


Message History

You pulverise the goblin!!!
You annihilate the goblin!!!
The kobold throws a stone!
The stone misses you! The kobold misses you!
You see here a goblin corpse!
You pulverise the kobold!
You annihilate the kobold!!!
There is an open door here!
There is a stone staircase leading up here!
Terence hits you with a morningstar!!!
You climb upwards!
A rat comes into view!
There is a stone staircase leading down here!
Terence screams, "I want your blood!!!"
Terence says, "Rest in peace!"
You barely miss Terence! Terence barely misses you!
You barely miss Terence! You pummel Terence but do no damage!
Terence closely misses you!
You squash Terence but do no damage!
Terence hits you with a morningstar!!! * * * don't die
* * * You barely miss Terence!
Terence misses you!
You squash Terence but do no damage!
You pulverise Terence!
Terence is moderately wounded!
Terence hits you with a morningstar!!! * * * don't die
* * * You pulverise Terence but do no damage!
Terence is moderately wounded!
Terence hits you with a morningstar! rip

Action                   || total
-------------------------++-------
Melee: Unarmed           ||   113
 Stab: Sleeping          ||     3

Vault maps used:
D:1:      roderic_crop_circles_arrival_small, minmay_misc_feat_enclosed
D:2:      grunt_pakellas_salt, uniq_terence

Notes
Turn   | Place    | Note
--------------------------------------------------------------
     0 | D:1      | GrosslyIncandescent the Mummy Monk began the quest for the Orb.
     0 | D:1      | Reached XP level 1. HP: 18/18 MP: 1/1
   390 | D:1      | Reached XP level 2. HP: 13/24 MP: 2/2
  1062 | D:2      | Found an oddly glowing altar of Pakellas.
  1085 | D:2      | Reached skill level 4 in Unarmed Combat
  1455 | D:2      | Reached XP level 3. HP: 21/29 MP: 3/3
  1688 | D:2      | Noticed Terence
  1719 | D:1      | HP: 1/29 [Terence/morningstar (11)]
  1720 | D:1      | Slain by Terence

Vanquished Creatures
  An adder (D:2)
  An ooze (D:2)
  A dart slug (D:1)
  A giant gecko (D:1)
  3 bats
  A giant cockroach (D:1)
  5 hobgoblins
  8 kobolds
  A giant newt (D:2)
  A goblin (D:2)
  3 rats
26 creatures vanquished.
